 Dungeon Crawl Stone Soup version 0.18-a0-824-g47fe746 (webtiles) character file.

310 graki42 the Firebug (level 6, 39/42 HPs)
             Began as a Demonspawn Fire Elementalist on Dec 17, 2015.
             Quit the game on level 4 of the Dungeon.
             The game lasted 00:15:10 (3072 turns).

graki42 the Firebug (Demonspawn Fire Elementalist)  Turns: 3072, Time: 00:15:10

Health: 39/42      AC:  8    Str:  8    XL:     6   Next: 18%
Magic:  1/11       EV: 13    Int: 18    God:
Gold:   123        SH:  0    Dex: 14    Spells: 3 memorised, 5 levels left

rFire  . . .     SeeInvis .     (no weapon)
rCold  . . .     Gourm    .     a - +0 robe
rNeg   . . .     Faith    .     (no shield)
rPois  .         Spirit   .     (no helmet)
rElec  .         Dismiss  .     f - +1 cloak
rCorr  .         Reflect  .     (no gloves)
SustAt .         Harm     .     (no boots)
MR     .....                    (no amulet)
Stlth  ++........               (no ring)
                                (no ring)

@: mildly poisoned (39 -> 38), not resistant to hostile enchantments, unstealthy
A: iridescent scales 1, powered by death 1
a: no special abilities


You were on level 4 of the Dungeon.
You were hungry.

You visited 1 branch of the dungeon, and saw 4 of its levels.

You collected 123 gold pieces.

Inventory:

Missiles
 r - 3 throwing nets (quivered)
Armour
 a - a +0 robe (worn)
 f - a +1 cloak (worn)
Magical Staves
 d - an uncursed staff of poison {unknown}
Jewellery
 t - a +2 ring of evasion {unknown}
Scrolls
 e - 3 scrolls of remove curse
 g - a scroll of teleportation
 i - a scroll of identify
 o - a scroll of fog
 u - a scroll of enchant armour
Potions
 h - a potion of resistance
 k - a potion of curing {unknown}
 l - 2 potions of ambrosia {unknown}
 m - a potion of degeneration {unknown}
 n - 2 potions of mutation {unknown}
 p - 2 potions of might {unknown}
 q - a potion of brilliance {unknown}
Books
 b - a book of Flames

   Spells                             Type                      Level
   a - Flame Tongue                   Conjuration/Fire             1
   b - Throw Flame                    Conjuration/Fire             2
   c - Conjure Flame                  Conjuration/Fire             3
   d - Inner Flame                    Hexes/Fire                   3
   e - Sticky Flame                   Conjuration/Fire             4
   f - Fireball                       Conjuration/Fire             5
Comestibles
 c - 6 bread rations
 j - 2 slices of pizza
 v - a meat ration


   Skills:
 + Level 0.6 Fighting
 + Level 2.5 Dodging
 + Level 2.1 Stealth
 + Level 0.3 Unarmed Combat
 + Level 3.5 Spellcasting
 + Level 2.9 Conjurations
 + Level 4.1 Fire Magic


You had 5 spell levels left.
You knew the following spells:

 Your Spells              Type           Power        Failure   Level  Hunger
a - Flame Tongue          Conj/Fire      ###..        4%          1    None
b - Conjure Flame         Conj/Fire      ###.....     14%         3    ###....
c - Inner Flame           Hex/Fire       ##......     24%         3    ###....


Dungeon Overview and Level Annotations

Branches:
Dungeon (4/15)
 Temple: D:4-7

Altars:
Nemelex Xobeh
Qazlal
Ru
Trog


Innate Abilities, Weirdness & Mutations

You are partially covered in iridescent scales (AC +4).
You regenerate a little health from kills.


Message History

Casting: Flame Tongue
Confirm with . or Enter, or press ? or * to list all spells.
Aiming: Flame Tongue
Press: ? - help, Shift-Dir - straight line, f - giant cockroach
Aim: a giant cockroach The flame tongue misses the giant cockroach.
The worker ant barely misses you. The giant cockroach misses you.
The sky beast hits you but does no damage.
Casting: Flame Tongue
Confirm with . or Enter, or press ? or * to list all spells.
Aiming: Flame Tongue
Press: ? - help, Shift-Dir - straight line, f/p - giant cockroach
Aim: a giant cockroach The flame tongue hits the giant cockroach.
The giant cockroach is almost dead.
The worker ant bites you.
You are poisoned.
The worker ant poisons you! The giant cockroach barely misses you.
The sky beast hits you but does no damage.
Are you sure you want to abandon this character and quit the game? (Confirm with "yes".)

##### #..≈## ####
#.≈≈≈###...
#.#≈≈##§§.
#a#≈≈#§≈≈#
#.#K≈#§s§#
#l#O≈#≈@≈#
#K#≈≈#Ya≈#
#O#K≈#≈O≈#
#K#≈Y#≈K≈#
#.#..†.K##
##K##...##
#########Y.######
#......O..##
#.........#


You could see a sky beast, an ogre, a worker ant, a giant cockroach and 2
kobolds.

Vanquished Creatures
  A hound (D:4)
  A worker ant (D:4)
  4 gnolls (D:2)
  14 adders
  An ooze (D:2)
  2 worms (D:2)
  6 giant geckos
  5 orcs (D:3)
  5 giant cockroaches
  9 goblins
  6 hobgoblins
  5 quokkas
  4 ball pythons (D:2)
  3 bats (D:1)
  5 giant newts
  5 kobolds
  4 rats
80 creatures vanquished.

Notes
Turn   | Place    | Note
--------------------------------------------------------------
     0 | D:1      | graki42 the Demonspawn Fire Elementalist began the quest for the Orb.
     0 | D:1      | Reached XP level 1. HP: 13/13 MP: 3/3
   404 | D:1      | Reached skill level 3 in Fire Magic
   427 | D:1      | Gained mutation: You regenerate a little health from kills. [demonic ancestry]
   427 | D:1      | Reached XP level 2. HP: 19/19 MP: 0/5
   722 | D:2      | Found a sparkling altar of Nemelex Xobeh.
   763 | D:2      | Gained mutation: You are partially covered in iridescent scales (AC +4). [demonic ancestry]
   763 | D:2      | Reached XP level 3. HP: 24/24 MP: 0/6
  1018 | D:2      | Learned a level 3 spell: Conjure Flame
  1550 | D:2      | Reached XP level 4. HP: 17/30 MP: 3/7
  1811 | D:2      | Learned a level 3 spell: Inner Flame
  1911 | D:2      | Reached XP level 5. HP: 36/36 MP: 1/9
  2531 | D:3      | Reached skill level 4 in Fire Magic
  2535 | D:3      | Found a sacrificial altar of Ru.
  2877 | D:4      | Noticed an ogre
  2882 | D:4      | Reached XP level 6. HP: 33/42 MP: 6/11
  2971 | D:4      | Noticed a fire elemental
  2978 | D:4      | Found a stormy altar of Qazlal.
  2979 | D:4      | Noticed an air elemental
  2979 | D:4      | Noticed a water elemental
  3017 | D:4      | Found a bloodstained altar of Trog.
  3059 | D:4      | Found a glowing drain.
  3072 | D:4      | Quit the game

Vault maps used:
D:1:      dpeg_arrival_three_same_balls
D:2:      lemuel_crystal_altar, minmay_snake_closets
D:3:      lemuel_crystal_altar, first_bread
D:4:      nicolae_qazlal_style_of_elements, trog_eyes_of_draining,
          gup_sewer_entry_pipe

Action                   |  1- 3 |  4- 6 || total
-------------------------+-------+-------++-------
Melee: Unarmed           |    20 |    40 ||    60
 Cast: Flame Tongue      |    71 |   124 ||   195
  Use: Scroll            |       |     7 ||     7
  Eat: Chunk             |     2 |     5 ||     7
